 Dungeon Crawl Stone Soup version 0.24.1-14-gf8d2b509d9 (webtiles) character file.

Game seed: 18276138165014505200, levelgen mode: deterministic

200589 cstieg1 the Arsonist (level 17, -1/97 HPs)
             Began as a Deep Elf Fire Elementalist on Apr 15, 2021.
             Was the Champion of Nemelex Xobeh.
             Killed by the air
             ... invoked by a blizzard demon
              (17 damage)
             ... in an ice cave on Apr 16, 2021.
             The game lasted 03:10:45 (55544 turns).

cstieg1 the Arsonist (Deep Elf Fire Elementalist)  Turns: 55544, Time: 03:10:46

Health: -1/97      AC: 21    Str: 11    XL:     17   Next: 88%
Magic:  0/35       EV: 21    Int: 26    God:    Nemelex Xobeh [******]
Gold:   156        SH:  7    Dex: 18    Spells: 3/41 levels left

rFire    . . .     SeeInvis +   a - staff of conjuration
rCold    + . .     Gourm    .   H - +1 buckler {AC+3}
rNeg     + . .     Faith    .   K - +0 steam dragon scales
rPois    .         Spirit   +   W - +2 hat of the Bear Spirit {Spirit, +Rage rN+ MR++}
rElec    .         Reflect  .   n - +2 cloak {MR+}
rCorr    .         Harm     .   u - +2 pair of gloves {Dex+3}
MR       +++++                  (no boots)
Stlth    +++.......             D - amulet "Cailacka" {RegenMP rC+ Str+4 SInv Stlth+}
HPRegen  0.26/turn              q - ring of protection from magic
MPRegen  0.49/turn              N - +3 ring of protection

@: flying, very slightly contaminated
A: no striking features
}: 1/15 runes: serpentine
a: Draw Escape, Draw Destruction, Draw Summoning, Draw Stack, Triple Draw, Deal
Four, Stack Five, Renounce Religion, Evoke Berserk Rage


You were in an ice cave.
You worshipped Nemelex Xobeh.
Nemelex Xobeh was exalted by your worship.
You were not hungry.

You visited 6 branches of the dungeon, and saw 31 of its levels.
You also visited: Ossuary, Ice Cave and Volcano.

You collected 3490 gold pieces.
You spent 3334 gold pieces at shops.

Inventory:

Hand Weapons
 b - a +2 demon trident of venom
 C - the +5 long sword "Spider's Undoing" {freeze, rElec rC- MR- Stlth+}
   (You found it on level 5 of the Dungeon)

   It has been specially enchanted to freeze those struck by it, causing extra
   injury to most foes and up to half again as much damage against particularly
   susceptible opponents.
   It can also slow down cold-blooded creatures.
   It makes you vulnerable to cold.
   It insulates you from electricity.
   It affects your resistance to hostile enchantments.
   It makes you more stealthy.
Missiles
 d - 8 throwing nets
 U - 4 curare-tipped darts (quivered)
Armour
 n - a +2 cloak of magic resistance (worn)
 s - the cursed -1 cloak of Leaves {+Inv Regen+, unknown}
   (You bought it in a shop on level 1 of the Shoals)

   It lets you turn invisible.
   It increases your rate of regeneration.
   It has a curse placed upon it.
 u - a +2 pair of gloves of dexterity (worn)
 H - a +1 buckler of protection (worn)
 K - +0 steam dragon scales (worn)
 W - the +2 hat of the Bear Spirit (worn) {Spirit, +Rage rN+ MR++}
   (You bought it in a shop on level 10 of the Dungeon)

   It protects you from negative energy.
   It affects your resistance to hostile enchantments.
   It lets you go berserk.
Magical Staves
 a - an uncursed staff of conjuration (weapon)
Jewellery
 q - a ring of protection from magic (left hand)
 y - an uncursed ring of flight
 D - the amulet "Cailacka" (around neck) {RegenMP rC+ Str+4 SInv Stlth+}
   (You took it off a vampire on level 15 of the Dungeon)

   [amulet of magic regeneration]

   It increases your magic regeneration.
   It affects your strength (+4).
   It protects you from cold.
   It lets you see invisible.
   It makes you more stealthy.
 N - a +3 ring of protection (right hand)
 S - an uncursed ring of positive energy
 X - an uncursed ring of poison resistance
Wands
 j - a wand of disintegration (9)
 l - a wand of iceblast (11)
 t - a wand of digging (21)
 G - a wand of scattershot (22)
 O - a wand of paralysis (11)
 Q - a wand of enslavement (13)
Scrolls
 h - 8 scrolls of teleportation
 i - 11 scrolls of remove curse
 p - 2 scrolls of amnesia
 B - 2 scrolls of blinking
 I - 2 scrolls of enchant armour
 J - 2 scrolls of enchant weapon
 L - a scroll of fear
 M - a scroll of silence
 T - 2 scrolls of fog
 Y - 2 scrolls of summoning
 Z - a scroll of vulnerability
Potions
 e - 5 potions of agility
 f - a potion of invisibility
 g - 2 potions of flight
 k - 6 potions of ambrosia
 m - 5 potions of might
 v - 3 potions of resistance
 w - 6 potions of lignification
 x - 3 potions of berserk rage
 z - 3 potions of brilliance
 A - 6 potions of heal wounds
 E - 8 potions of curing
 F - 4 potions of haste
 P - 2 potions of magic
Miscellaneous
 o - a lightning rod (4/4)
 R - 2 boxes of beasts
 V - a lamp of fire (inert)
Comestibles
 c - 25 rations


   Skills:
 + Level 8.1 Fighting
 + Level 7.8 Armour
 + Level 11.7 Dodging
 - Level 2.4 Stealth
 + Level 5.3 Shields
 + Level 12.8 Spellcasting
 + Level 14.5 Conjurations
 - Level 4.0 Charms
 + Level 8.6 Summonings
 - Level 2.0 Necromancy
 - Level 4.0 Translocations
 + Level 14.7 Fire Magic
 + Level 9.3 Air Magic
 - Level 6.2 Poison Magic
 + Level 9.7 Invocations
 + Level 9.8 Evocations


You had 3 spell levels left.
You knew the following spells:

 Your Spells              Type           Power        Failure   Level  Hunger
a - Flame Tongue          Conj/Fire      #####        0%          1    None
b - Conjure Flame         Conj/Fire      #######.     1%          3    None
c - Sticky Flame          Conj/Fire      #######.     1%          4    None
d - Fireball              Conj/Fire      #######...   1%          5    ###....
e - Shock                 Conj/Air       ####         1%          1    None
f - Mephitic Cloud        Conj/Pois/Air  #######.     1%          3    None
g - Poisonous Vapours     Pois/Air       ######       1%          2    None
h - Swiftness             Chrm/Air       ######..     1%          2    None
i - Airstrike             Air            ######....   1%          4    None
j - Animate Skeleton      Necr           N/A          1%          1    None
k - Apportation           Tloc           #####.       1%          1    None
l - Summon Lightning Spi  Summ/Air       ######..     1%          4    None
m - Blink                 Tloc           N/A          1%          2    None
n - Summon Forest         Summ/Tloc      #####.....   7%          5    ###....

Your spell library contained the following spells:

 Spells                   Type           Power        Failure   Level  Hunger
 Throw Flame              Conj/Fire      ######       0%          2    None
 Pain                     Necr           ####         1%          1    None
 Summon Small Mammal      Summ           ####         1%          1    None
 Call Imp                 Summ           ######..     1%          2    None
 Shroud of Golubria       Chrm/Tloc      #####.       1%          2    None
 Call Canine Familiar     Summ           ######..     1%          3    None
 Gell's Gravitas          Tloc           #####.....   1%          3    None
 Inner Flame              Hex/Fire       ######..     1%          3    None
 Lesser Beckoning         Tloc           #####.....   1%          3    None
 Static Discharge         Conj/Air       #######.     1%          3    None
 Stone Arrow              Conj/Erth      ######       1%          3    None
 Summon Guardian Golem    Hex/Summ       #####...     1%          3    None
 Teleport Other           Tloc           #####...     1%          3    None
 Corpse Rot               Necr           N/A          2%          2    None
 Sublimation of Blood     Necr           ####......   2%          2    None
 Confusing Touch          Hex            ###...       3%          1    None
 Regeneration             Chrm/Necr      ####......   3%          3    None
 Vampiric Draining        Necr           ####......   4%          3    None
 Lightning Bolt           Conj/Air       #######...   1%          5    ###....
 Bolt of Draining         Conj/Necr      ######....   3%          5    ###....
 Conjure Ball Lightning   Conj/Air       #######...   3%          6    #####..
 Summon Ice Beast         Ice/Summ       #####...     6%          4    None
 Passage of Golubria      Tloc           N/A          7%          4    None
 Silence                  Hex/Air        #####.....   14%         5    ###....
 Animate Dead             Necr           N/A          16%         4    None
 Freezing Cloud           Conj/Ice/Air   ######....   21%         6    #####..
 Excruciating Wounds      Chrm/Necr      ####......   28%         5    ###....
 Leda's Liquefaction      Hex/Erth       ###.......   34%         4    None
 Deflect Missiles         Chrm/Air       ######....   34%         6    #####..
 Agony                    Necr           ####....     38%         5    ###....
 Dispel Undead            Necr           ####....     38%         5    ###....
 Ring of Flames           Chrm/Fire      ######....   52%         7    ######.
 Summon Hydra             Summ           ######....   63%         7    ######.
 Hydra Form               Tmut           ###.......   99%         6    #####..
 Tornado                  Air            ######....   100%        9    #######


Dungeon Overview and Level Annotations

Branches:
Dungeon (15/15)            Temple (1/1) D:4            Lair (6/6) D:11
 Shoals (3/4) Lair:4        Snake (4/4) Lair:3        Slime (0/5) Lair:5
    Orc (2/2) D:12            Elf (0/3) Orc:2        Vaults (0/5) D:14
 Depths (0/5) D:15        Ossuary (visited)           IceCv (1/1)
Volcano (visited)

Altars:
Ashenzari
Cheibriados
Dithmenos
Elyvilon
Fedhas
Gozag
Hepliaklqana
Kikubaaqudgha
Makhleb
Nemelex Xobeh
Okawaru
Qazlal
Ru
Sif Muna
Trog
Uskayaw
Vehumet
Wu Jian
Xom
Yredelemnul
Zin
The Shining One
Beogh
Jiyva

Shops:
D:10 *[*==   D:11 (}   D:15 :   Orc:2 ([*=   Shoals:1 [

Portals:
Trove: D:14 (give 12 potions of heal wounds)

Annotations:
D:14 1 runed translucent door
Lair:4 2 transporters
Shoals:1 1 runed translucent door, arthad's ghost, adept VSFi


Message History

You block the anaconda simulacrum's attack.
You feel very buoyant.
You fly up into the air.
The blizzard demon gestures at you.
The bolt of cold hits the anaconda simulacrum.
The anaconda simulacrum completely resists.
The bolt of cold hits you! You resist.
* * * LOW HITPOINT WARNING * * *
The anaconda simulacrum constricts you but does no damage.
The anaconda simulacrum bites you but does no damage.
The anaconda simulacrum constricts you but does no damage.
You block the anaconda simulacrum's attack.
Blink to where?
Press: ? - help, Dir - move target cursor You are very lightly contaminated with residual magic.
As you read the scroll of blinking, it crumbles to dust.
The blizzard demon waves its arms in wide circles.
The air twists around and violently strikes you in flight!!
You die...
Your body glows with a rainbow of weird colours and disappears.

..#...# #..## #.##
##...## ##..# ##.#
#..##### #..# ##.#
#.###..####.## ##..#
#..###⌠.#≈#..###..##
##.##...#≈##..#...#
#...#○.#≈##.....##
##..#.###≈##....#
#####.##°###.@##
##.##2.Z≈....#
#4°#.###≈≈#.##
......#Z###≈≈≈##.
$#2ZZ4#○# #≈#≈# #
#Z2.#####≈ ## ##.# ≈
##


You could see a blizzard demon and an anaconda simulacrum.

Vanquished Creatures
  Nikola (Snake:1)
  A lich (D:14)
  Frances (Snake:1)
  A kraken (Shoals:1)
  Kirke (Shoals:3)
  6 nagarajas
  Ilsuiw (Shoals:3)
  A frost giant (D:14)
  The ghost of Ytheofip the Cleaver, a journeyman FoFi of Okawaru (D:14)
  Azrael (D:14)
  The ghost of cstieg1 the Destroyer, a journeyman TeCj of Vehumet (Lair:6)
  A blizzard demon (IceCv)
  An ettin (D:15)
  A fire dragon (Lair:6)
  6 merfolk impalers
  A yaktaur captain (D:14)
  Erolcha (D:13)
  A rakshasa (D:15)
  2 catoblepae
  8 naga warriors
  11 anacondas
  4 hydras
  7 two-headed ogres
  A merfolk aquamancer (Shoals:2)
  2 centaur warriors
  2 ogre magi (D:15)
  A death knight (D:13)
  A death yak (Lair:5)
  A deep troll earth mage (D:14)
  A hell hog (D:13)
  3 orc high priests (Orc:2)
  8 naga sharpshooters
  4 shock serpents
  A fire crab (Lair:6)
  5 skeletal warriors
  A deep troll (D:15)
  An unseen horror (D:15)
  A sea snake (Shoals:1)
  7 naga ritualists
  6 orc knights
  A necromancer (D:14)
  8 mana vipers
  6 orc sorcerers
  5 fauns (Shoals:1)
  13 ugly things
  3 elephants (Lair:6)
  7 salamanders
  9 manticores
  4 merfolk sirens
  2 cyclopes
  Psyche (D:9)
  4 water nymphs
  8 guardian serpents
  23 black mambas
  17 naga magi
  2 centaur zombies
  2 molten gargoyles (Lair:6)
  An ice statue (IceCv)
  13 spiny frogs
  A gargoyle (D:12)
  2 freezing wraiths (IceCv)
  A kobold demonologist (D:11)
  7 ice devils (IceCv)
  An efreet (D:15)
  11 komodo dragons
  2 yaktaurs (D:14)
  2 anaconda simulacra (IceCv)
  5 trolls
  A queen bee (Lair:6)
  A hornet (D:11)
  15 merfolk
  A raiju (Snake:4)
  2 wind drakes (Shoals:3)
  A polar bear (shapeshifter) (D:15)
  A harpy skeleton (D:15)
  5 blink frogs (Lair:4)
  8 dream sheep
  Prince Ribbit (D:9)
  12 hippogriffs
  4 slime creatures (D:12)
  2 snapping turtles (Shoals:1)
  A meliai zombie (D:14)
  3 dire elephant simulacra (IceCv)
  A shadow (D:12)
  5 water elementals
  5 wyverns
  26 yaks
  A fire bat (Volcano)
  3 vampires
  3 centaur simulacra
  4 fire elementals
  4 hogs (Shoals:3)
  3 wraiths
  10 basilisks
  A hungry ghost (D:13)
  A steam dragon (Lair:6)
  Grum (D:11)
  45 nagas
  5 harpy simulacra (IceCv)
  4 wargs
  A soldier ant (D:12)
  2 iron troll simulacra (IceCv)
  7 hell hounds
  4 hydra simulacra (IceCv)
  9 porcupines
  9 water moccasins
  32 orc warriors
  3 ice beasts
  An ettin simulacrum (IceCv)
  2 sky beasts
  2 black bears
  A phantom (D:12)
  An alligator simulacrum (IceCv)
  A necrophage (D:8)
  An eye of draining (D:12)
  An ogre (shapeshifter) (D:14)
  22 wolves
  38 centaurs
  16 ogres
  10 crocodiles
  Blork the orc (D:6)
  An elf zombie (D:15)
  2 big kobolds (D:12)
  23 bullfrogs
  5 gnoll sergeants
  2 wyvern skeletons
  5 scorpions
  6 wights (D:15)
  9 killer bees
  An elephant simulacrum (IceCv)
  11 electric eels
  3 howler monkeys
  3 crimson imps
  5 lava snakes (Lair:6)
  5 draconian simulacra (IceCv)
  4 hounds
  A quasit (D:15)
  6 human zombies (D:15)
  3 bullfrog skeletons
  14 orc priests
  6 centaur skeletons
  8 jellies
  10 orc wizards
  Crazy Yiuf (D:2)
  4 iguanas
  Terence (D:3)
  A spriggan simulacrum (IceCv)
  Natasha (thrice) (D:3)
  5 troll simulacra (IceCv)
  5 worker ants
  A hound skeleton (D:4)
  10 mummies
  A worker ant zombie (D:9)
  11 gnolls
  A howler monkey zombie (D:7)
  9 adders
  A naga simulacrum (IceCv)
  An ogre simulacrum (IceCv)
  5 shadow imps
  5 white imps (IceCv)
  6 ufetubi (IceCv)
  7 oozes
  An adder zombie (D:9)
  An adder skeleton (D:9)
  2 worms
  A ball lightning (Snake:4)
  2 dart slugs
  6 leopard geckos
  76 orcs
  9 giant cockroaches
  7 goblins
  12 hobgoblins
  6 jackals
  8 kobolds
  4 quokkas
  10 bats
  6 frilled lizards
  A gnoll zombie (Ossuary)
  2 hobgoblin zombies (Ossuary)
  3 kobold zombies (Ossuary)
  3 orc zombies
  10 rats
  A fungus (Orc:2)
  A plant (Shoals:1)
994 creatures vanquished.

Vanquished Creatures (collateral kills)
  4 nagarajas
  An orc warlord (Orc:2)
  2 merfolk impalers (Shoals:3)
  10 naga warriors
  8 anacondas
  4 naga sharpshooters
  A sea snake (Shoals:2)
  5 naga ritualists
  3 mana vipers
  A salamander (Snake:3)
  7 guardian serpents
  3 black mambas (Snake:4)
  10 naga magi
  2 merfolk (Shoals:3)
  A hornet (Lair:6)
  A water elemental (Shoals:2)
  26 nagas
89 creatures vanquished.

Vanquished Creatures (others)
  A merfolk aquamancer (Shoals:2)
  2 two-headed ogres (Volcano)
  A centaur zombie (D:15)
  A fire elemental (D:14)
  A centaur (Volcano)
  An orc wizard (D:12)
  A worker ant (D:6)
  An adder (D:6)
  A gnoll (D:13)
  2 leopard geckos
  18 fungi
  10 plants
  4 tentacles (Shoals:1)
44 creatures vanquished.

Grand Total: 1127 creatures vanquished

Notes
Turn   | Place    | Note
-------+----------+-------------------------------------------
     0 | D:1      | cstieg1 the Deep Elf Fire Elementalist began the quest for
                  | the Orb.
     0 | D:1      | Reached XP level 1. HP: 10/10 MP: 6/6
   177 | D:1      | Reached XP level 2. HP: 15/15 MP: 6/8
   463 | D:1      | Reached XP level 3. HP: 20/20 MP: 6/9
  1555 | D:2      | Found a runed translucent door.
  1556 | D:2      | Noticed Crazy Yiuf
  2051 | D:2      | Reached XP level 4. HP: 24/24 MP: 11/11
  2217 | D:2      | Learned a level 3 spell: Conjure Flame
  2222 | D:2      | Learned a level 4 spell: Sticky Flame
  2226 | D:2      | Killed Crazy Yiuf
  2293 | D:3      | Noticed Terence
  2303 | D:3      | Killed Terence
  2303 | D:3      | Reached skill level 1 in Fighting
  2533 | D:3      | Noticed Natasha
  2541 | D:3      | Killed Natasha
  2541 | D:3      | Reached XP level 5. HP: 22/29 MP: 7/12
  2552 | D:3      | Noticed Natasha
  2836 | D:3      | Killed Natasha
  3143 | D:3      | Noticed Natasha
  3151 | D:3      | Killed Natasha
  3477 | D:3      | Reached XP level 6. HP: 20/34 MP: 1/14
  3938 | D:4      | Reached skill level 5 in Fire Magic
  4157 | D:4      | Found a staircase to the Ecumenical Temple.
  4166 | Temple   | Entered the Ecumenical Temple
  4284 | Temple   | Became a worshipper of Nemelex Xobeh the Trickster
  4436 | D:4      | Received a gift from Nemelex Xobeh
  4486 | D:4      | Learned a level 5 spell: Fireball
  4847 | D:4      | Found an iron altar of Okawaru.
  4926 | D:4      | Reached XP level 7. HP: 37/39 MP: 10/15
  5087 | D:5      | Entered Level 5 of the Dungeon
  5546 | D:5      | Reached * piety under Nemelex Xobeh
  5549 | D:5      | Got a bone long sword
  5550 | D:5      | Identified the +5 long sword "Spider's Undoing" {freeze,
                  | rElec rC- MR- Stlth+} (You found it on level 5 of the
                  | Dungeon)
  5754 | D:6      | Received a gift from Nemelex Xobeh
  5755 | D:6      | Noticed Blork the orc
  5783 | D:6      | Killed Blork the orc
  5803 | D:6      | Found a sand-covered staircase.
  5809 | D:6      | Reached skill level 1 in Armour
  5809 | D:6      | Reached skill level 5 in Spellcasting
  5883 | Ossuary  | Entered an ossuary
  6043 | Ossuary  | Reached skill level 5 in Conjurations
  6260 | D:6      | Learned a level 1 spell: Shock
  6344 | D:6      | Received a gift from Nemelex Xobeh
  6818 | D:6      | Reached XP level 8. HP: 30/45 MP: 8/17
  7042 | D:6      | Found a shimmering altar of Xom.
  7422 | D:7      | Reached ** piety under Nemelex Xobeh
  7422 | D:7      | Noticed a hippogriff
  7440 | D:6      | Killed a hippogriff
  7440 | D:6      | Reached skill level 1 in Air Magic
  7577 | D:7      | Received a gift from Nemelex Xobeh
  7900 | D:7      | Reached skill level 5 in Dodging
  8159 | D:7      | Found a snail-covered altar of Cheibriados.
  8489 | D:8      | Reached skill level 1 in Shields
  8742 | D:8      | Reached XP level 9. HP: 50/50 MP: 17/20
  8938 | D:8      | Reached *** piety under Nemelex Xobeh
  9208 | D:8      | Received a gift from Nemelex Xobeh
  9349 | D:8      | Found a viscous altar of Jiyva.
  9405 | D:9      | Learned a level 3 spell: Mephitic Cloud
  9408 | D:9      | Learned a level 2 spell: Poisonous Vapours
  9821 | D:9      | Noticed Psyche
  9828 | D:9      | Killed Psyche
  9828 | D:9      | Reached skill level 1 in Invocations
  9828 | D:9      | Reached skill level 1 in Evocations
  9919 | D:9      | Received a gift from Nemelex Xobeh
  9970 | D:9      | Noticed Prince Ribbit
  9976 | D:9      | Killed Prince Ribbit
  9976 | D:9      | Reached skill level 1 in Poison Magic
 10562 | D:9      | Reached **** piety under Nemelex Xobeh
 10846 | D:10     | Entered Level 10 of the Dungeon
 11082 | D:10     | Found Dadghof's General Store.
 11096 | D:10     | Bought 4 curare-tipped darts for 26 gold pieces
 11096 | D:10     | Bought a lamp of fire for 440 gold pieces
 11182 | D:10     | Reached XP level 10. HP: 56/56 MP: 16/22
 11183 | D:10     | Found Pomaus's Assorted Antiques.
 11188 | D:10     | Bought a scroll labeled CICEOF BUTAULO for 28 gold pieces
 11188 | D:10     | Bought a scroll labeled VECYK FIOG for 28 gold pieces
 11188 | D:10     | Bought a scroll labeled ONOW FALESUAMP for 28 gold pieces
 11419 | D:10     | Found Omauhau's Jewellery Shop.
 11789 | D:10     | Found Hemocibe's Jewellery Shoppe.
 11882 | D:10     | Found Qaetul's Antique Armour Emporium.
 12000 | D:11     | Received a gift from Nemelex Xobeh
 12290 | D:11     | Found Uzec's Gadget Boutique.
 13263 | D:11     | Noticed a rust devil
 13631 | D:11     | Found Wuruz's Weapon Boutique.
 13779 | D:11     | Noticed Grum
 13796 | D:11     | Killed Grum
 13801 | D:11     | Reached XP level 11. HP: 27/61 MP: 1/24
 14118 | D:11     | Found a staircase to the Lair.
 14160 | D:11     | Reached ***** piety under Nemelex Xobeh
 14502 | D:12     | Noticed a skeletal warrior
 14503 | D:12     | Noticed a two-headed ogre
 14714 | D:11     | Killed a two-headed ogre
 14940 | D:11     | Learned a level 2 spell: Swiftness
 14941 | D:12     | Noticed a skeletal warrior
 14944 | D:12     | Noticed a skeletal warrior
 15169 | D:12     | Received a gift from Nemelex Xobeh
 15735 | D:12     | Reached skill level 1 in Charms
 16587 | D:12     | You fall into a shaft and drop 2 floors!
 16591 | D:14     | Noticed a yaktaur captain
 16608 | D:14     | Killed a yaktaur captain
 16611 | D:14     | Found a gate to the Vaults.
 16611 | D:14     | Noticed a green ugly thing
 16621 | D:14     | Noticed a green ugly thing
 16622 | D:14     | Noticed a green ugly thing
 16622 | D:14     | Noticed a green ugly thing
 16853 | D:13     | Noticed a catoblepas
 16910 | D:13     | Killed a catoblepas
 17184 | D:13     | Received a gift from Nemelex Xobeh
 17301 | D:13     | Reached XP level 12. HP: 67/67 MP: 22/26
 17402 | D:13     | Noticed a centaur warrior
 17419 | D:13     | Reached skill level 10 in Fire Magic
 17428 | D:13     | Killed a centaur warrior
 17545 | D:13     | Noticed a death knight
 17555 | D:13     | Killed a death knight
 17671 | D:13     | Reached skill level 5 in Air Magic
 17877 | D:13     | Noticed Erolcha
 17942 | D:13     | Killed Erolcha
 17942 | D:13     | Reached skill level 5 in Fighting
 18113 | D:13     | Received a gift from Nemelex Xobeh
 18340 | D:13     | Noticed a hell hog
 18340 | D:13     | an efreet changed into a hell hog
 18362 | D:13     | Killed a hell hog
 18362 | D:13     | Reached skill level 10 in Conjurations
 18362 | D:13     | Reached skill level 5 in Poison Magic
 18901 | D:12     | Reached skill level 5 in Evocations
 19067 | Lair:1   | Entered Level 1 of the Lair of Beasts
 19072 | Lair:1   | Received a gift from Nemelex Xobeh
 19910 | Lair:1   | Received a gift from Nemelex Xobeh
 20303 | Lair:2   | Reached skill level 5 in Invocations
 20802 | Lair:2   | You are sucked into a shaft and drop 2 floors!
 20805 | Lair:3   | Received a gift from Nemelex Xobeh
 20975 | Lair:3   | Found a staircase to the Snake Pit.
 21249 | Lair:3   | Found a dark tunnel.
 21266 | Volcano  | Entered a volcano
 21333 | Volcano  | Noticed a two-headed ogre
 21354 | Volcano  | Killed a two-headed ogre
 21385 | Volcano  | Killed a two-headed ogre
 21437 | Volcano  | Reached XP level 13. HP: 33/73 MP: 9/28
 21606 | Volcano  | Learned a level 4 spell: Airstrike
 21678 | Volcano  | Reached skill level 5 in Armour
 22579 | Lair:3   | Found a shattered altar of Ashenzari.
 23972 | Lair:4   | Found a staircase to the Shoals.
 23973 | Lair:4   | Received a gift from Nemelex Xobeh
 24040 | Lair:4   | Found a transporter.
 24461 | Lair:4   | Found a transporter.
 24506 | Lair:4   | Received a gift from Nemelex Xobeh
 24948 | Lair:5   | Found a staircase to the Slime Pits.
 25151 | Lair:5   | Received a gift from Nemelex Xobeh
 26124 | Lair:6   | Entered Level 6 of the Lair of Beasts
 26124 | Lair:6   | Received a gift from Nemelex Xobeh
 26447 | Lair:6   | Noticed cstieg1's ghost (journeyman TeCj)
 26940 | Lair:6   | Found a transporter.
 26945 | Lair:6   | Found a transporter.
 27045 | Lair:6   | Reached skill level 10 in Spellcasting
 27350 | Lair:6   | Received a gift from Nemelex Xobeh
 29096 | Lair:6   | Noticed a fire dragon
 29215 | Lair:6   | Found a large runed translucent door.
 29215 | Lair:6   | Found a large runed translucent door.
 29421 | Lair:6   | Killed a fire dragon
 29421 | Lair:6   | Reached XP level 14. HP: 67/80 MP: 6/30
 29725 | Lair:2   | Reached ****** piety under Nemelex Xobeh
 29736 | Lair:2   | Received a gift from Nemelex Xobeh
 31144 | D:12     | Received a gift from Nemelex Xobeh
 31394 | D:12     | Found a staircase to the Orcish Mines.
 32093 | D:14     | Received a gift from Nemelex Xobeh
 32261 | D:14     | Noticed Ytheofip's ghost (journeyman FoFi)
 32261 | D:14     | Noticed a lich
 32262 | D:14     | Noticed a frost giant
 32663 | D:14     | Learned a level 1 spell: Animate Skeleton
 32665 | D:14     | Learned a level 1 spell: Apportation
 32944 | D:14     | Found a runed translucent door.
 32950 | D:14     | Found a runed translucent door.
 32954 | D:14     | Killed a lich
 32980 | D:14     | HP: 4/80 [poisoned by Ytheofip's ghost]
 32986 | D:14     | HP: 4/80 [poisoned by Ytheofip's ghost]
 32994 | D:14     | HP: 3/80 [poisoned by Ytheofip's ghost]
 33528 | D:14     | Found a portal to a secret trove of treasure.
 34195 | D:14     | Killed a frost giant
 34622 | D:14     | Noticed Azrael
 35011 | D:14     | Got a scorched helmet
 35018 | D:14     | Identified the +0 helmet "Ras Besch" {+Inv} (You found it
                  | on level 14 of the Dungeon)
 35126 | D:14     | Killed Azrael
 36052 | Lair:6   | Killed cstieg1's ghost
 36187 | Lair:6   | Learned a level 4 spell: Summon Lightning Spire
 36354 | Orc:1    | Entered Level 1 of the Orcish Mines
 36366 | Orc:1    | Received a gift from Nemelex Xobeh
 36599 | D:12     | Reached skill level 1 in Summonings
 36902 | Orc:2    | Entered Level 2 of the Orcish Mines
 36920 | Orc:2    | Found a roughly hewn altar of Beogh.
 36925 | Orc:2    | Received a gift from Nemelex Xobeh
 38414 | Orc:2    | Found Riwaviom's General Store.
 38414 | Orc:2    | Noticed an orc warlord
 38423 | Orc:2    | Found Seplopre's Antique Weapon Emporium.
 38640 | Orc:2    | Received a gift from Nemelex Xobeh
 38658 | Orc:2    | Reached XP level 15. HP: 78/85 MP: 13/32
 38965 | Orc:2    | Found a staircase to the Elven Halls.
 38970 | Orc:2    | Found Zaazy's Antique Armour Shoppe.
 39359 | Orc:2    | Killed an orc warlord
 39517 | Orc:2    | Bought a pair of runed gloves for 277 gold pieces
 39560 | Orc:2    | Found Geteep's Jewellery Shoppe.
 39654 | Orc:2    | Reached skill level 10 in Dodging
 39733 | Orc:2    | Bought a +3 amulet of reflection for 188 gold pieces
 39733 | Orc:2    | Bought a +3 ring of protection for 252 gold pieces
 39750 | Orc:2    | Bought a scroll of identify for 32 gold pieces
 39750 | Orc:2    | Bought a scroll of teleportation for 48 gold pieces
 39750 | Orc:2    | Bought a cursed ring of attention for 72 gold pieces
 39750 | Orc:2    | Bought a scroll of identify for 32 gold pieces
 40218 | D:10     | Bought a pair of polished gloves for 285 gold pieces
 40230 | D:10     | Identified the -4 pair of gloves of Baldness {rElec MR+}
                  | (You bought it in a shop on level 10 of the Dungeon)
 40399 | D:14     | Killed Ytheofip's ghost
 40550 | D:15     | Entered Level 15 of the Dungeon
 40955 | D:15     | Found Gadgher's Book Shop.
 41000 | D:15     | Identified the amulet "Cailacka" {RegenMP rC+ Str+4 SInv
                  | Stlth+}
 41619 | D:15     | Received a gift from Nemelex Xobeh
 41621 | D:15     | Found a staircase to the Depths.
 42205 | D:15     | Found a basalt altar of Yredelemnul.
 43026 | D:15     | Found a blossoming altar of Fedhas.
 43384 | Snake:1  | Entered Level 1 of the Snake Pit
 43398 | Snake:1  | Received a gift from Nemelex Xobeh
 43691 | Snake:1  | Noticed Frances
 43716 | Snake:1  | Killed Frances
 44407 | Snake:1  | Reached skill level 5 in Summonings
 44943 | Snake:1  | Noticed a nagaraja
 44952 | Snake:1  | Killed a nagaraja
 45452 | Snake:1  | Noticed Nikola
 45464 | Snake:1  | Killed Nikola
 45784 | Snake:2  | Noticed a nagaraja
 45801 | Snake:2  | Killed a nagaraja
 45968 | Snake:2  | Received a gift from Nemelex Xobeh
 45991 | Snake:2  | Found a blossoming altar of Fedhas.
 46168 | Snake:2  | Reached XP level 16. HP: 92/92 MP: 26/33
 46245 | Snake:2  | Received a gift from Nemelex Xobeh
 47029 | Snake:3  | Received a gift from Nemelex Xobeh
 47139 | Snake:3  | Learned a level 2 spell: Blink
 47187 | Snake:3  | Reached skill level 1 in Necromancy
 47193 | Snake:3  | Reached skill level 1 in Translocations
 48031 | Snake:3  | Found the +2 ratskin cloak {+Rats rPois rN+ Str-1 Int-1
                  | Dex+1}
 48075 | Snake:3  | Received a gift from Nemelex Xobeh
 48346 | Snake:4  | Entered Level 4 of the Snake Pit
 48676 | Snake:4  | Identified a scroll of acquirement
 50107 | Snake:4  | Reached XP level 17. HP: 81/96 MP: 3/35
 51127 | Snake:4  | Identified the +1 scale mail of Casuxi Ahig {Dex+9} (You
                  | found it on level 4 of the Snake Pit)
 51880 | Snake:4  | Got a serpentine rune of Zot
 52078 | Shoals:1 | Entered Level 1 of the Shoals
 52079 | Shoals:1 | Received a gift from Nemelex Xobeh
 52270 | Shoals:1 | Found a runed translucent door.
 52272 | Shoals:1 | Found a shimmering altar of Xom.
 52272 | Shoals:1 | Noticed arthad's ghost (adept VSFi)
 52280 | Shoals:1 | Found Yrodi's Antique Armour Emporium.
 52288 | Shoals:1 | Bought a steaming scale mail for 207 gold pieces
 52288 | Shoals:1 | Bought a brightly glowing cloak for 218 gold pieces
 52326 | Shoals:1 | Identified the +5 scale mail "Ibroesas" {rF- Regen+ Dex+3}
                  | (You bought it in a shop on level 1 of the Shoals)
 52400 | Shoals:1 | Learned a level 5 spell: Summon Forest
 52589 | Shoals:1 | Received a gift from Nemelex Xobeh
 52778 | Shoals:1 | Noticed a kraken
 52783 | Shoals:1 | Killed a kraken
 53170 | D:10     | Bought the +2 hat of the Bear Spirit {Spirit, +Rage rN+
                  | MR++} for 1173 gold pieces
 53170 | D:10     | Found the +2 hat of the Bear Spirit {Spirit, +Rage rN+
                  | MR++}
 53619 | Shoals:2 | Received a gift from Nemelex Xobeh
 53999 | Shoals:2 | Reached skill level 5 in Shields
 54067 | Shoals:2 | Found Ebaqitum's Armour Shoppe.
 54311 | Shoals:3 | Noticed a kraken
 54325 | Shoals:3 | Received a gift from Nemelex Xobeh
 54328 | Shoals:3 | Noticed Kirke
 54334 | Shoals:3 | Killed Kirke
 54409 | Shoals:3 | Noticed Ilsuiw
 54431 | Shoals:3 | Killed Ilsuiw
 54537 | Shoals:3 | Found a frozen archway.
 54596 | IceCv    | Entered an ice cave
 55409 | IceCv    | Received a gift from Nemelex Xobeh
 55544 | IceCv    | Killed from afar by a blizzard demon

Levels and vault maps discovered:
D:1:      psy_arrival_conway, layout_basic
D:2:      layout_basic, uniq_crazy_yiuf_cottage
D:3:      layout_loops_cross, uniq_terence, uniq_natasha
D:4:      layout_loops_cross, lemuel_temple_firewalk_b, first_ration,
          okawaru_altar_gauntlet_db
D:5:      layout_basic
D:6:      layout_layer_cave, chequers_ossuary_entry_cave, nrook_mini_backslash,
          xom_confusion_cloud, uniq_blork_the_orc
D:7:      layout_basic, slow_altar_1, hangedman_decor_opposing
D:8:      layout_gridville, hangedman_little_slice_of_home
D:9:      layout_layer_cave, uniq_prince_ribbit1, uniq_psyche
D:10:     layout_loops_ring, serial_shops, shop, shop, shop,
          nicolae_shop_waterfront, kennysheep_little_box
D:11:     layout_loops_corners, grunt_lair_entry_orc_guard_hut, serial_shops,
          shop_statue, shop, centaur_isle, uniq_grum
D:12:     layout_long_grid, kennysheep_orc_monster_closet_entryway
D:13:     layout_loops_corners, uniq_erolcha
D:14:     layout_gridville, david_vaults_2, nicolae_trove_entry_free_sample,
          muffindrake_ghost_dual_entry, glass_columns_a, uniq_azrael
D:15:     hangedman_depths_entry_civil_slaughter, layout_loops_ring,
          fedhas_altar_1, serial_shops, shop_coins,
          lemuel_mausoleum_altar_yredelemnul
Temple:   kilobyte_greek_temple
Lair:1:   layout_regular_city, st_stairs_12
Lair:2:   layout_regular_city, disabler_island
Lair:3:   layout_cave_shapes, minmay_snake_entry_spellcaster, enter_volcano_2,
          basic_altar, grunt_megastairs_2, infiniplex_staircase_pool
Lair:4:   gammafunk_cloud_chamber, layout_long_grid,
          minmay_shoals_entry_centaurs, chequers_serial_rivers_large_a,
          chequers_serial_rivers_micro_d, serial_bayou_lake_a
Lair:5:   layout_hall_layers, slime_dummy, nicolae_lair_yak_garden
Lair:6:   cheibrodos_lair_end_hotspot, layout_cave_pods, gammafunk_ghost_hive
Shoals:1: layout_shoals, ebering_ghost_xom, serial_shops, shop
Shoals:2: layout_shoals, serial_shops,
          nicolae_shop_temple_entry_statues_fountains
Shoals:3: nicolae_shoals_island_circles, layout_shoals,
          portal_ice_cave_entry_pillars_four,
          nicolae_shoals_kraken_intersection, uniq_kirke, uniq_ilsuiw
Snake:1:  layout_cave_shapes, nicolae_snake_shapes, uniq_frances, uniq_nikola
Snake:2:  layout_cave_town, basic_altar
Snake:3:  layout_misc_corridors
Snake:4:  grunt_snake_rune_serpentine_throne, layout_onion,
          chequers_hall_statues_y, st_stairs_3
Orc:1:    layout_caves
Orc:2:    grunt_orc_gardens, layout_caves, grunt_orc_garden, grunt_orc_garden,
          grunt_orc_garden, grunt_orc_garden, basic_altar
IceCv:    ice_cave_caverns_01

Skill      XL: |  1  2  3  4  5  6  7  8  9 10 11 12 13 14 15 16 17 |
---------------+----------------------------------------------------+-----
Conjurations   | 2 3 4 5 6 7 8 9 10 11 12 13 14 | 14.5
Fire Magic     | 4 5 6 7 8 9 11 12 13 14 | 14.7
Fighting       | 1 2 3 4 5 6 7 8 |  8.1
Dodging        | 3 4 5 6 7 8 9 10 11 | 11.7
Spellcasting   | 4 5 6 7 8 9 10 11 12 | 12.8
Armour         | 1 2 3 4 5 6 7 |  7.8
Air Magic      | 2 3 4 5 6 7 8 9 |  9.3
Shields        | 1 3 4 5 |  5.3
Invocations    | 1 3 4 5 6 7 8 9 |  9.7
Evocations     | 1 3 4 5 6 7 8 9 |  9.8
Poison Magic   | 1 3 4 5 6 |  6.2
Charms         | 2 3 4 |  4.0
Summonings     | 2 5 7 8 |  8.6
Necromancy     | 2 |  2.0
Translocations | 4 |  4.0
Stealth        | |  2.4

Action                   |  1- 3 |  4- 6 |  7- 9 | 10-12 | 13-15 | 16-18 || total
-------------------------+-------+-------+-------+-------+-------+-------++-------
Melee: Short sword       |     2 |       |       |       |       |       ||     2
       Dagger            |    33 |    27 |       |       |       |       ||    60
       Spear             |       |    38 |   127 |   280 |   343 |     4 ||   792
       Long sword        |       |       |       |     2 |       |     6 ||     8
       Staff             |       |       |       |       |    92 |    10 ||   102
       Trident           |       |       |       |       |       |     2 ||     2
Throw: Dart              |       |    15 |     2 |     4 |     8 |     1 ||    30
 Cast: Flame Tongue      |    72 |    72 |   144 |   157 |   334 |   299 ||  1078
       Sticky Flame      |       |    11 |    29 |    66 |   170 |    75 ||   351
       Conjure Flame     |       |     4 |    13 |    42 |    38 |    23 ||   120
       Fireball          |       |       |     4 |    13 |    47 |   138 ||   202
       Poisonous Vapours |       |       |    20 |   134 |   354 |    39 ||   547
       Shock             |       |       |     2 |    36 |    56 |    37 ||   131
       Mephitic Cloud    |       |       |       |    10 |    22 |     5 ||    37
       Airstrike         |       |       |       |       |   138 |   136 ||   274
       Apportation       |       |       |       |       |     5 |       ||     5
       Swiftness         |       |       |       |       |     3 |       ||     3
       Summon Lightning  |       |       |       |       |    24 |    51 ||    75
       Animate Skeleton  |       |       |       |       |       |    91 ||    91
       Blink             |       |       |       |       |       |     1 ||     1
Invok: Stack Five        |       |       |       |     1 |       |       ||     1
 Abil: Draw Destruction  |       |       |       |     1 |    24 |     8 ||    33
       Draw Summoning    |       |       |       |       |     2 |     1 ||     3
       Draw Stack        |       |       |       |       |       |     1 ||     1
Evoke: Wand              |       |       |       |     3 |    13 |    11 ||    27
       Lamp of fire      |       |       |       |     1 |     1 |     1 ||     3
       Lightning rod     |       |       |       |       |       |     2 ||     2
  Use: Scroll            |       |     4 |     8 |     6 |    17 |     9 ||    44
       Potion            |       |       |       |     2 |     2 |     2 ||     6
 Stab: Sleeping          |     4 |     2 |     1 |       |     2 |       ||     9
       Distracted        |       |     2 |       |       |       |       ||     2
       Petrified         |       |       |       |     7 |       |       ||     7
       Confused          |       |       |       |     3 |     2 |       ||     5
  Eat: Chunk             |     3 |    12 |    21 |    31 |    58 |    21 ||   146
       Ration            |       |       |     1 |     3 |     7 |     6 ||    17
Armor: Robe              |    11 |    31 |    32 |       |       |       ||    74
       Ring mail         |       |       |    20 |   131 |    65 |       ||   216
       Steam dragon scal |       |       |       |       |   150 |   105 ||   255
Dodge: Dodged            |    47 |    57 |   135 |   224 |   597 |   251 ||  1311
Block: Buckler           |       |       |       |   113 |   244 |   100 ||   457
       Rpst.: Long sword |       |       |       |       |     1 |       ||     1
